AoeStats
← GonzArg

Arabia

503532427Analyzed
1v1 RM · 1mo ago on Sep 1, 2026· 61m 37s· 2 players
Game mode
Random Map
Map size
Tiny (2 player)
Population
200
Speed
Normal
Resources
Standard
Victory
Conquest
Starting age
Dark Age
Ending age
Imperial Age
RankedLock teamsTeams togetherTeam positionsShared explorationLock speedFull tech treeHidden civsTurbo modeCheats
Victory
Defeat
🇲🇽 Britons · Mexico
800
+17
🇦🇷 Franks · Argentina
815
-17
Espectro7285
11:28 Feudal Age
11:13 Loom
14:10 Wheelbarrow
16:24 Fletching
18:35 Padded Archer Armor
23:15 Castle Age
21:44 Double-Bit Axe
23:32 Scale Mail Armor
23:16 Horse Collar
23:27 Gold Mining
24:04 Scale Barding Armor
24:18 Pikeman
25:35 Crossbowman
27:21 Bodkin Arrow
28:21 Squires
29:17 Leather Archer Armor
32:09 Stone Mining
38:16 Elite Skirmisher
52:47 Imperial Age
53:14 Hand Cart
53:53 Chain Barding Armor
55:14 Ballistics
56:18 Chemistry
55:09 Arbalester
56:31 Light Cavalry
57:16 Bracer
58:37 Conscription
60:56 Husbandry
GonzArg
9:56 Feudal Age
8:12 Loom
10:30 Double-Bit Axe
11:54 Wheelbarrow
16:26 Castle Age
17:07 Forging
17:20 Town Watch
17:54 Fletching
19:04 Bodkin Arrow
22:08 Iron Casting
24:00 Stone Mining
26:46 Gold Mining
28:32 Ballistics
30:57 Town Patrol
33:43 Murder Holes
37:52 Elite Skirmisher
48:17 Imperial Age
48:54 #83
48:56 Padded Archer Armor
57:21 Chemistry
Connection lost

Rejoining the realm…

Still unreachable

The connection could not be restored.

Session expired

The server has moved on; the page needs a fresh start.